 Dungeon Crawl Stone Soup version 0.20.1-2-g1830e616b0 (webtiles) character file.

82 Alfie the Shooter (level 4, 0/34 HPs)
             Began as a Human Hunter on Jan 20, 2020.
             Slain by a kobold
             ... wielding a +0 short sword
              (3 damage)
             ... on level 2 of the Dungeon.
             The game lasted 00:07:29 (1742 turns).

Alfie the Shooter (Human Hunter)                    Turns: 1742, Time: 00:07:30

Health: 0/34       AC:  5    Str: 12 (14) XL:     4   Next: 70%
Magic:  4/4        EV: 12    Int:  8 (11) God:
Gold:   170        SH:  0    Dex: 11 (13) Spells: 3/3 levels left

rFire    . . .     SeeInvis .   b - +0 short sword
rCold    . . .     Gourm    .   (no shield)
rNeg     . . .     Faith    .   c - +2 leather armour
rPois    .         Spirit   .   (no helmet)
rElec    .         Reflect  .   (no cloak)
rCorr    .         Harm     .   (no gloves)
MR       .....                  (no boots)
Stlth    +.........             (no amulet)
Regen    0.2/turn               (no ring)
MPRegen  0.1/turn               (no ring)

@: no status effects
A: no striking features
a: no special abilities


You were on level 2 of the Dungeon.
You were not hungry.

You visited 1 branch of the dungeon, and saw 3 of its levels.

You collected 170 gold pieces.

Inventory:

Hand Weapons
 a - a +1 shortbow
 b - a +0 short sword (weapon)
Missiles
 d - 6 arrows
Armour
 c - a +2 leather armour (worn)
Jewellery
 e - an uncursed ring of flight
 k - a cursed -2 ring of intelligence {unknown}
 o - an uncursed ring of protection from cold {unknown}
 q - an uncursed ring of flight
 u - an uncursed ring of fire {unknown}
Scrolls
 h - 2 scrolls of enchant armour
 i - a scroll of magic mapping
 l - 2 scrolls of teleportation
 r - a scroll of recharging
Potions
 j - a potion of flight
 m - a potion of cancellation {unknown}
 n - a potion of heal wounds
 s - a potion of degeneration
Books
 w - a book of Cantrips

   Spells                             Type                      Level
   a - Confusing Touch                Hexes                        1
   b - Animate Skeleton               Necromancy                   1
   c - Summon Small Mammal            Summoning                    1
   d - Apportation                    Translocation                1
Comestibles
 f - 3 bread rations
 p - 3 meat rations


   Skills:
 + Level 2.4 Fighting
 + Level 0.2 Short Blades
 + Level 5.4 Bows
 + Level 0.6 Armour
 + Level 2.0 Dodging
 + Level 1.0 Stealth


You had 3 spell levels left.
You didn't know any spells.

Dungeon Overview and Level Annotations

Branches:
Dungeon (3/15)

Altars:


Message History

a short sword; an orc corpse
Things that are here:
a club; a goblin corpse
There is a stone staircase leading down here.
You climb downwards.
The kobold hits you with a short sword. The ooze hits you but does no damage.
The kobold hits you with a short sword. The worm bites you.
* * * LOW HITPOINT WARNING * * *
There is a stone staircase leading up here.
The ooze hits you but does no damage. The kobold barely misses you.
You climb upwards.
The hobgoblin shouts!
There is a stone staircase leading down here.
You hit the kobold but do no damage. The ooze hits you but does no damage.
The worm bites you.
* * * LOW HITPOINT WARNING * * *
The kobold closely misses you.
Your leather armour prevents you from hitting the kobold.
The ooze hits you but does no damage. The kobold hits you with a short sword.
You die...

#.# #8.....8####..###.........
#)# #.......##..........######
#)###8.....8##.#..............
#...#..)....#......####.######
###.#8.(...8#.).#g.# #.#
#................# #.#
##...............# #(#
######...Jw.....# #.#
#..).@....## #)# ####K.)...#
#.# ##..[#.# #.#
##.##.#####.######
#.##.............
#.........(###### ############
# # #


You could see a worm, an ooze, a hobgoblin and a kobold.

Vanquished Creatures
  2 adders (D:2)
  2 oozes
  2 dart slugs
  A leopard gecko (D:1)
  An orc (D:2)
  5 giant cockroaches (D:1)
  12 goblins
  5 hobgoblins
  A quokka (D:2)
  6 bats
  2 frilled lizards
  7 kobolds
  3 rats
49 creatures vanquished.

Notes
Turn   | Place    | Note
-------+----------+-------------------------------------------
     0 | D:1      | Alfie the Human Hunter began the quest for the Orb.
     0 | D:1      | Reached XP level 1. HP: 16/16 MP: 1/1
   159 | D:1      | Reached XP level 2. HP: 15/22 MP: 2/2
   648 | D:1      | Reached XP level 3. HP: 27/27 MP: 3/3
  1136 | D:2      | Reached skill level 5 in Bows
  1151 | D:2      | Reached XP level 4. HP: 31/34 MP: 4/4
  1742 | D:2      | Slain by a kobold

Skill      XL: |  1  2  3 |
---------------+----------+-----
Bows           | 5 |  5.4
Fighting       | |  2.4
Short Blades   | |  0.2
Armour         | |  0.6
Dodging        | |  2.0
Stealth        | |  1.0

Action                   |  1- 3 |  4- 6 || total
-------------------------+-------+-------++-------
Melee: Short sword       |     4 |    23 ||    27
 Fire: Shortbow          |    80 |    36 ||   116
  Use: Scroll            |     6 |     2 ||     8
       Potion            |       |     4 ||     4
  Eat: Royal jelly       |     1 |       ||     1
Armor: Leather armour    |    10 |    11 ||    21
       Skin              |       |    32 ||    32
Dodge: Dodged            |    21 |    37 ||    58
